 Dungeon Crawl Stone Soup version 0.31.0-1-g2c135a0 (webtiles) character file.

Game seed: 1850372543287660717

3934 Urrug the Destroyer (level 10, -5/63 HPs)
             Began as a Human Conjurer on Mar 31, 2024.
             Was a Believer of Vehumet.
             Slain by an unseen horror simulacrum (17 damage)
             ... on level 8 of the Dungeon.
             The game lasted 00:18:25 (10754 turns).

Urrug the Destroyer (Human Conjurer)               Turns: 10754, Time: 00:18:26

Health: -5/63      AC:  8    Str:  7    XL:     10   Next: 21%
Magic:  15/22      EV: 12    Int: 23    God:    Vehumet [**....]
Gold:   452        SH:  5    Dex: 12    Spells: 18/25 levels left

rFire   + . .        c - +3 spear (freeze)
rCold   . . .        (no shield)
rNeg    . . .        B - +2 robe {rF+}
rPois   .            (no helmet)
rElec   .            (no cloak)
rCorr   .            m - +1 pair of gloves
SInv    .            E - +1 pair of boots
Will    .....        f - amulet of reflection
Stlth   ++           (no ring)
HPRegen 0.30/turn    (no ring)
MPRegen 0.18/turn

%: reflection
@: no status effects
A: explore regen
a: Renounce Religion


You were on level 8 of the Dungeon.
You worshipped Vehumet.
Vehumet was pleased with you.
You visited 2 branches of the dungeon, and saw 9 of its levels.
You also visited: Sewer.

You collected 452 gold pieces.

Inventory:

Hand Weapons
 c - a +3 spear of freezing (weapon)
   (You found it on level 1 of the Dungeon)
Missiles
 l - a throwing net {!f}
Armour
 m - a +1 pair of gloves (worn)
   (You found it on level 2 of the Dungeon)
 B - a +2 robe of fire resistance (worn)
   (You took it off Dowan on level 7 of the Dungeon)
 E - a +1 pair of boots (worn)
   (You found it on level 8 of the Dungeon)
Jewellery
 a - a ring of fire
   (You found it on level 8 of the Dungeon)
 f - an amulet of reflection (around neck)
   (You found it on level 1 of the Dungeon)
Wands
 i - a wand of mindburst (12)
   (You found it on level 2 of the Dungeon)
 t - a wand of flame (60)
   (You took it off Terence on level 2 of the Dungeon)
Scrolls
 d - 4 scrolls of vulnerability {unknown}
 h - a scroll of blinking
 o - a scroll of enchant weapon
 q - 3 scrolls of teleportation {@r4}
 u - a scroll of immolation {!r}
 w - a scroll of poison {unknown}
 y - 2 scrolls of identify {unknown}
 C - a scroll of brand weapon {unknown}
 D - a scroll of enchant armour
 G - a scroll of silence {unknown}
Potions
 b - a potion of magic
 e - a potion of enlightenment {unknown}
 g - a potion of ambrosia {unknown}
 j - a potion of brilliance {unknown}
 k - 4 potions of curing {unknown}
 n - 2 potions of might {unknown}
 p - 2 potions of cancellation {unknown}
 r - 2 potions of haste {unknown}
 s - 2 potions of resistance {unknown}
 v - a potion of invisibility {unknown}
 x - 3 potions of heal wounds {unknown}
 z - a potion of lignification {unknown}
 A - 4 potions of mutation {unknown}
 F - a potion of berserk rage {unknown}


   Skills:
 - Level 2.0 Dodging
 - Level 2.0 Stealth
 + Level 8.2 Spellcasting
 + Level 9.5 Conjurations
 + Level 7.8 Translocations


You had 18 spell levels left.
You knew the following spells:

 Your Spells              Type           Power      Damage    Failure   Level
a - Magic Dart            Conj           100%       1d8       1%          1
s - Searing Ray           Conj           100%       2d8       1%          2
x - Iskenderun's Mystic   Conj/Tloc      49%        2d11      1%          4

Your spell library contained the following spells:

 Spells                   Type           Power      Damage    Failure   Level
 Mercury Vapours          Alch/Air       18%        N/A       11%         2
 Apportation              Tloc           90%        N/A       1%          1
 Sting                    Conj/Alch      100%       1d9       1%          1
 Stone Arrow              Conj/Erth      62%        3d10      3%          3
 Necrotise                Necr           36%        1d5       7%          1
 Sandblast                Erth           18%        2d7       7%          1
 Summon Small Mammal      Summ           36%        N/A       7%          1
 Brom's Barrelling Bould  Conj/Erth      31%        2d5       10%         4
 Fulminant Prism          Conj/Alch      15%        3d10      10%         4
 Ensorcelled Hibernation  Hex/Ice        18%        N/A       11%         2
 Dimensional Bullseye     Hex/Tloc       13%        N/A       14%         4
 Call Canine Familiar     Summ           9%         N/A       21%         3
 Passwall                 Erth           9%         N/A       21%         3
 Sigil of Binding         Hex            9%         N/A       21%         3
 Swiftness                Air            9%         N/A       21%         3
 Olgreb's Toxic Radiance  Alch           9%         N/A       56%         4
 Sculpt Simulacrum        Ice/Alch       4%         N/A       100%        6
 Ozocubu's Refrigeration  Ice            4%         4d8       100%        7
 Discord                  Hex            4%         N/A       100%        8
 Polar Vortex             Ice            4%         N/A       100%        9


Dungeon Overview and Level Annotations

Branches:
Dungeon (8/15) Zot: 26638  Temple (1/1) D:5 Zot: 5939   Sewer (visited)
   Lair: D:8-11

Altars:
Ashenzari
Dithmenos
Elyvilon
Gozag
Hepliaklqana
Makhleb
Nemelex Xobeh
Okawaru
Qazlal
Ru
Sif Muna
Trog
Uskayaw
Vehumet
Xom
Yredelemnul
Zin
The Shining One

Annotations:
D:5 Eustachio, Sigmund
D:6 Grinder
D:7 3 runed translucent doors, IAmTheZeppo's ghost, novice MiFi
D:8 2 transporters, Radamante's ghost, novice TrFi


Innate Abilities, Weirdness & Mutations

You regain HP and MP as you explore.


Message History

The searing ray misses the orc.
The orc hits you but does no damage. x2
Restarting spell: Searing Ray (safe; 1% risk of failure)
Press: ? - help, Shift-Dir - straight line, f - orc
Aim: an orc, wielding a +0 club (83% to hit)
Okay, then.
You erupt in a blast of force!
The mystic blast hits the orc!
You kill the orc!
Vehumet accepts your kill.
The mystic blast hits the orc!
You kill the orc!
Vehumet accepts your kill.
The mystic blast hits the orc!
You kill the orc!
Vehumet accepts your kill.
You feel your power returning.
Things that are here:
a +0 hand axe; an orc corpse
Things that are here:
a +3 heavy flail; a boomerang A lemure comes into view.
The lemure shouts!
You hear an angry growl.
You see here 14 gold pieces.
Things that are here:
a +3 heavy flail; a boomerang
Things that are here:
a +0 hand axe; an orc corpse You start resting.
You start waiting.
An unseen horror simulacrum comes into view.
Press: ? - help, Shift-Dir - straight line, f - unseen horror simulacrum
Aim: an unseen horror simulacrum (wandering, hasn't noticed you, 94% to hit)
The searing ray hits the unseen horror simulacrum! (Press . to maintain the ray.)
The unseen horror simulacrum hits you!
The unseen horror simulacrum freezes you!
You block the unseen horror simulacrum's attack.
The searing ray hits the unseen horror simulacrum but does no damage.
The unseen horror simulacrum hits you.
The unseen horror simulacrum freezes you!
The unseen horror simulacrum hits you.
The unseen horror simulacrum freezes you!
* * * LOW HITPOINT WARNING * * *
The unseen horror simulacrum hits you but does no damage.
You erupt in a blast of force!
The mystic blast hits the unseen horror simulacrum.
The unseen horror simulacrum is knocked back by the mystic blast.
The unseen horror simulacrum hits you!
* * * LOW HITPOINT WARNING * * *
The unseen horror simulacrum freezes you!
You die...

#.# ..# #.####.##
#..#...# #..)..[####
###)).......##
#..)).$.......
#.##[.........
########.##...##.....
#.....@Z.##..## ...#
#.....#####..# .##
#.......###..# #
##.......##..#
##....8..#..#
###.^...#..#
##.......# #.......#
#......##


You could see an unseen horror simulacrum.

Vanquished Creatures
  Prince Ribbit (D:5)
  A shadow (D:5)
  2 steam dragons
  Menkaure (D:6)
  A water moccasin (D:7)
  Duvessa (D:7)
  A sky beast (D:6)
  3 ice beasts
  An orc warrior (D:8)
  2 ogres
  A centaur (D:6)
  2 wolves (D:8)
  4 kobold brigands
  3 scorpions
  4 bullfrogs (D:7)
  8 wights (D:7)
  Dowan (D:7)
  3 bombardier beetles
  3 hounds
  A jelly (D:7)
  2 orc priests (D:7)
  3 sleepcaps
  Jessica (D:2)
  Terence (D:2)
  4 iguanas
  5 orc wizards
  9 adders
  10 gnolls (D:2)
  A river rat (D:3)
  A white imp (D:6)
  3 dart slugs
  4 ribbon worms
  17 orcs
  12 endoplasms
  6 giant cockroaches
  9 goblins
  4 hobgoblins
  A quokka (D:2)
  10 ball pythons
  10 bats
  7 frilled lizards
  30 kobolds
  9 rats
203 creatures vanquished.

Vanquished Creatures (others)
  An orc (D:8)
1 creature vanquished.

Grand Total: 204 creatures vanquished

Notes
Turn   | Place    | Note
-------+----------+-------------------------------------------
     0 | D:1      | Urrug the Human Conjurer began the quest for the Orb.
     0 | D:1      | Reached XP level 1. HP: 13/13 MP: 3/3
   163 | D:1      | Reached XP level 2. HP: 19/19 MP: 0/5
   340 | D:1      | Learned a level 2 spell: Searing Ray
   906 | D:1      | Reached XP level 3. HP: 14/24 MP: 5/7
  1231 | D:2      | Reached XP level 4. HP: 21/30 MP: 5/8
  1312 | D:2      | Reached skill level 5 in Conjurations
  1599 | D:2      | Reached XP level 5. HP: 25/35 MP: 1/10
  1682 | D:2      | Learned a level 4 spell: Iskenderun's Mystic Blast
  2102 | D:2      | Noticed Jessica
  2157 | D:2      | Killed Jessica
  2158 | D:2      | Reached skill level 1 in Translocations
  2264 | D:2      | Noticed Terence
  2268 | D:2      | Killed Terence
  2434 | D:3      | Found a hide-covered altar of Uskayaw.
  2521 | D:3      | Found a hazy altar of Hepliaklqana.
  2528 | D:3      | Reached XP level 6. HP: 41/41 MP: 7/11
  2724 | D:3      | Found a glowing drain.
  2728 | Sewer    | Entered a sewer
  3908 | D:4      | Reached skill level 6 in Conjurations
  4009 | D:4      | Reached XP level 7. HP: 46/46 MP: 9/13
  4167 | D:4      | You fall into a shaft and drop 1 floor!
  4167 | D:5      | Entered Level 5 of the Dungeon
  4169 | D:5      | Found a staircase to the Ecumenical Temple.
  4170 | D:5      | Noticed a shadow
  4192 | D:5      | Killed a shadow
  4295 | Temple   | Entered the Ecumenical Temple
  4325 | Temple   | Became a worshipper of Vehumet
  4551 | D:5      | Noticed Eustachio
  4704 | D:5      | Reached skill level 5 in Spellcasting
  5048 | D:5      | Reached XP level 8. HP: 52/52 MP: 7/15
  5367 | D:5      | Noticed Sigmund
  5497 | D:5      | Noticed Prince Ribbit
  5506 | D:5      | Killed Prince Ribbit
  5507 | D:5      | Reached skill level 7 in Conjurations
  6355 | D:4      | Reached * piety under Vehumet
  6355 | D:4      | Offered knowledge of Kiss of Death by Vehumet.
  6772 | D:6      | Noticed Grinder
  6885 | D:6      | Reached skill level 5 in Translocations
  7474 | D:6      | Reached XP level 9. HP: 57/57 MP: 11/18
  7949 | D:6      | Reached skill level 8 in Conjurations
  8192 | D:6      | Noticed Menkaure
  8195 | D:6      | Killed Menkaure
  8606 | D:7      | Noticed Dowan
  8627 | D:7      | Noticed Duvessa
  8695 | D:7      | Killed Dowan
  8818 | D:7      | Killed Duvessa
  8925 | D:7      | Found a broken altar of Ashenzari.
  9230 | D:7      | Found a runed translucent gate.
  9230 | D:7      | Found a runed translucent gate.
  9233 | D:7      | Found a runed translucent gate.
  9236 | D:7      | Noticed IAmTheZeppo's ghost (novice MiFi)
  9564 | D:7      | Reached skill level 9 in Conjurations
  9581 | D:7      | Offered knowledge of Mercury Vapours by Vehumet.
  9719 | D:7      | Reached ** piety under Vehumet
  9822 | D:7      | Found a glowing silver altar of Zin.
  9822 | D:7      | Found a glowing golden altar of the Shining One.
  9822 | D:7      | Found a white marble altar of Elyvilon.
  9856 | D:7      | Reached XP level 10. HP: 63/63 MP: 19/21
 10394 | D:8      | Found a transporter.
 10413 | D:8      | Noticed Radamante's ghost (novice TrFi)
 10414 | D:8      | Found a bloodstained altar of Trog.
 10414 | D:8      | Noticed a moth of wrath
 10597 | D:8      | Found a transporter.
 10754 | D:8      | Slain by an unseen horror simulacrum

Illustrated notes

Levels and vault maps discovered:
D:1:      tarquinn_simple_flora_water_b, layout_loops_ring, minivault_25,
          kennysheep_doodads, ebering_dispersal_statue_hall
D:2:      layout_basic, serial_rivers, chequers_serial_rivers_micro_b,
          chequers_serial_rivers_micro_c, chequers_serial_rivers_micro_b,
          chequers_serial_rivers_marsh, chequers_serial_rivers_room_b,
          chequers_serial_rivers_large_b, uniq_jessica, uniq_terence
D:3:      layout_basic, mainiacjoe_overflow_paths,
          mainiacjoe_overflow_boulevard, gup_sewer_entry_spiral
D:4:      layout_basic
D:5:      layout_basic, minmay_temple_entry_drinking_statues, uniq_sigmund,
          uniq_eustachio, uniq_prince_ribbit1
D:6:      layout_layer_cave, uniq_menkaure, uniq_grinder
D:7:      layout_loops_cross, dreamdust_divine_triumvirate,
          amcnicky_altar_gilded, enter_bailey_3, gammafunk_ghost_necromancy,
          uniq_duvessa, uniq_crazy_yiuf_cottage
D:8:      layout_layer_cave, gammafunk_ghost_wrathful_warriors, serial_ice,
          serial_ice_m, serial_ice_b, serial_ice_i, serial_ice_o, uniq_pikel,
          uniq_psyche
Temple:   nicolae_temple_hex_pool

Skill      XL: |  1  2  3  4  5  6  7  8  9 10 |
---------------+-------------------------------+-----
Spellcasting   | 3 4 5 6 7 8 |  8.2
Conjurations   | 5 6 7 9 |  9.5
Translocations | 1 2 4 5 7 |  7.8
Dodging        | |  2.0
Stealth        | |  2.0

Action                     |  1- 3 |  4- 6 |  7- 9 | 10-12 || total
---------------------------+-------+-------+-------+-------++-------
  Melee: Spear             |    27 |    56 |       |       ||    83
   Cast: Magic Dart        |    33 |   101 |   120 |    11 ||   265
         Searing Ray       |       |    12 |    44 |     9 ||    65
         Iskenderun's Myst |       |     3 |    15 |     9 ||    27
  Evoke: Wand              |       |     2 |     1 |       ||     3
    Use: Scroll            |       |       |     7 |       ||     7
         Potion            |       |       |     1 |     1 ||     2
   Stab: Sleeping          |     1 |     4 |       |       ||     5
 Armour: Robe              |     9 |    21 |    49 |    19 ||    98
  Dodge: Dodged            |    10 |    38 |    34 |    11 ||    93
  Block: Other             |     4 |    16 |    14 |     4 ||    38
         Reflection        |       |     3 |     1 |       ||     4
